AoeStats
← Pumagun

Arena

509644907Analyzed
1v1 RM · 6d ago on Sep 27, 2026· 21m 16s· 2 players
Game mode
Random Map
Map size
Tiny (2 player)
Population
200
Speed
Normal
Resources
Standard
Victory
Conquest
Starting age
Dark Age
Ending age
Imperial Age
RankedLock teamsTeams togetherTeam positionsShared explorationLock speedFull tech treeHidden civsTurbo modeCheats
Victory
Defeat
🇬🇧 Saxons · United Kingdom
963
+15
🇩🇪 Slavs · Germany
952
-44
Pumagun
9:56 Loom
14:05 Feudal Age
12:31 Loom
21:21 Castle Age
ANGOOSE
10:29 Feudal Age
9:13 Loom
14:37 Castle Age
13:17 Double-Bit Axe
13:19 Horse Collar
15:34 Bow Saw
Connection lost

Rejoining the realm…

Still unreachable

The connection could not be restored.

Session expired

The server has moved on; the page needs a fresh start.